Map: Ephemeron LE

Players

souL

  • Race: Terran Terran
  • Spawn Location: 11:00

SortOf - Winner!

  • Race: Zerg Zerg
  • Spawn Location: 5:00

VOD

Have the link to the VOD?

Description

Time

  • Played on: Sept. 6, 2019, 3:54 p.m.
  • Length: 20:07
Show
View Real Time Build Order
Export as new Build Order

souL Terran 

Build Orders: Liberator Opening, Reaper Expand 

Get SALT Encoding   

  12  0:00  SCV  
  13  0:13  SCV  
  14  0:17  Supply Depot  
  14  0:25  SCV  
  15  0:38  SCV  
  15  0:39  Barracks  
  16  0:44  Refinery  
  16  0:50  SCV  
  17  1:03  SCV  
  18  1:15  SCV  
  19  1:27  Orbital Command, Reaper  
  20  1:40  Command Center  
  20  1:52  Supply Depot  
  21  1:54  SCV  
  21  1:59  Marine  
  22  2:04  Factory  
  22  2:09  SCV  
  22  2:12  Refinery  
  23  2:21  SCV, Barracks Reactor  
  24  2:33  SCV  
  25  2:46  SCV  
  25  2:49  Starport  
  25  2:52  Orbital Command  
  25  2:58  SCV  
  26  3:01  Hellion x2  
  26  3:05  Barracks Tech Lab  
  30  3:07  Supply Depot  
  30  3:10  SCV  
  31  3:17  SCV  
  32  3:22  SCV  
  32  3:23  Hellion  
  32  3:25  Hellion  
  37  3:29  SCV  
  37  3:31  Viking  
  40  3:36  Marine, Stimpack  
  40  3:39  SCV  
  42  3:41  SCV  
  42  3:46  Hellion  
  42  3:47  Liberator, Hellion  
  47  3:51  SCV  
  47  3:55  SCV  
  49  3:56  Supply Depot  
  49  3:58  Marine  
  50  4:04  SCV  
  54  4:18  SCV x2  
  54  4:21  Command Center  
  54  4:28  Supply Depot  
  54  4:30  Marine, SCV x2  
  57  4:33  Factory Tech Lab  
  57  4:40  Barracks  
  57  4:42  SCV  
  57  4:43  SCV  
  59  4:46  Barracks  
  59  4:47  Marine, Starport Reactor  
  60  4:54  SCV  
  60  4:55  SCV, Engineering Bay  
  60  4:56  Engineering Bay  
  62  5:02  Supply Depot  
  62  5:05  Marine  
  62  5:06  SCV  
  64  5:07  SCV  
  64  5:10  Refinery  
  64  5:11  Refinery  
  65  5:15  Combat Shield  
  65  5:17  Siege Tank  
  65  5:18  SCV  
  65  5:19  SCV  
  70  5:23  Terran Infantry Weapons Level 1  
  70  5:27  Terran Infantry Armor Level 1  
  70  5:30  SCV  
  70  5:31  SCV  
  70  5:35  Orbital Command  
  72  5:37  Starport Reactor  
  72  5:39  Supply Depot  
  72  5:41  Marine x2  
  72  5:42  SCV  
  72  5:43  Marine, SCV  
  74  5:52  Marine  
  74  5:54  Marine  
  68  5:58  Marine  
  68  5:59  Marine  
  68  6:01  Marine  
  68  6:02  SCV  
  70  6:05  Siege Tank  
  70  6:08  Orbital Command  
  70  6:10  Marine  
  74  6:11  Supply Depot  
  74  6:12  Marine, SCV  
  74  6:13  Supply Depot  
  74  6:14  SCV  
  74  6:16  Marine x2, Medivac x2  
  83  6:19  Marine  
  83  6:24  SCV  
  85  6:26  SCV  
  85  6:28  Marine  
  85  6:30  Marine, Bunker, Supply Depot  
  88  6:33  Liberator, SCV  
  88  6:34  Marine x2  
  88  6:36  Marine, SCV  
  88  6:38  SCV  
  94  6:40  Supply Depot  
  94  6:43  Supply Depot  
  94  6:45  Marine, SCV  
  99  6:47  Siege Tank  
  99  6:48  Marine, SCV  
  99  6:50  Medivac  
  99  6:52  Marine  
  99  6:53  SCV  
  108  6:57  SCV  
  108  6:58  Marine, Armory  
  108  6:59  Marine  
  108  7:00  SCV  
  112  7:03  Marine  
  113  7:10  Barracks, Supply Depot  
  113  7:11  Marine, Barracks, Supply Depot  
  113  7:12  Marine  
  115  7:16  Marine  
  115  7:17  Marine  
  115  7:21  Marine  
  118  7:24  Siege Tank  
  118  7:27  Medivac  
  118  7:28  Marine  
  118  7:29  Marine  
  124  7:32  SCV  
  124  7:33  Medivac, Supply Depot  
  124  7:34  Marine, Supply Depot  
  124  7:35  Marine  
  130  7:39  Marine  
  130  7:46  Marine  
  130  7:47  Marine  
  126  7:51  Marine  
  126  7:53  Marine  
  126  7:57  Marine, Medivac  
  127  8:03  Medivac  
  127  8:04  Marine  
  127  8:05  Marine  
  129  8:09  Marine, Command Center, Barracks Reactor x2  
  129  8:11  Marine, Terran Infantry Weapons Level 2  
  132  8:15  Marine  
  133  8:20  SCV x3, Refinery  
  133  8:22  Marine, Refinery  
  133  8:23  Marine  
  133  8:25  Terran Infantry Armor Level 2  
  138  8:27  Marine  
  138  8:28  Marine  
  138  8:32  Marine, SCV x2  
  141  8:40  Marine  
  141  8:41  Marine  
  137  8:44  SCV  
  137  8:45  Marine, Siege Tank  
  137  8:46  Marine  
  141  8:50  Marine x2  
  141  8:52  Marine  
  133  8:56  Marine  
  133  8:58  Marine  
  133  8:59  Marine  
  133  9:00  SCV x3  
  133  9:02  Marine  
  138  9:03  Marine  
  138  9:04  Marine  
  138  9:07  Marine  
  138  9:08  Marine  
  143  9:10  Marine  
  143  9:12  SCV x3  
  147  9:17  Siege Tank  
  147  9:19  Marine x3  
  147  9:20  Marine x2  
  154  9:24  SCV x3  
  154  9:25  Factory  
  149  9:32  Marine  
  149  9:36  SCV x3  
  149  9:39  Marine x5  
  153  9:46  Marine  
  153  9:47  Marine x2  
  153  9:48  SCV x3  
  153  9:49  Siege Tank  
  153  9:50  Marine  
  160  9:56  Marine  
  160  9:57  Barracks, Planetary Fortress  
  160  9:59  Barracks  
  161  10:00  SCV, Barracks  
  161  10:02  Medivac x2  
  163  10:14  Marine  
  156  10:15  Marine x8  
  156  10:19  SCV  
  156  10:20  SCV x2  
  157  10:31  Marine  
  157  10:32  Siege Tank  
  157  10:33  Marine x6  
  157  10:34  SCV x3  
  166  10:38  Factory Tech Lab  
  166  10:40  Marine x2  
  157  10:44  Medivac x2  
  157  10:49  Marine, Sensor Tower  
  162  10:51  Marine x3, Barracks Tech Lab x3  
  162  10:52  Concussive Shells  
  162  10:54  Ghost Academy  
  165  10:59  Supply Depot  
  165  11:01  Marauder  
  165  11:02  Siege Tank  
  170  11:09  Siege Tank  
  171  11:20  Viking x2  
  171  11:22  Marauder x3  
  180  11:28  Refinery x2  
  180  11:29  Command Center  
  180  11:33  Liberator  
  180  11:34  Siege Tank, Marauder  
  180  11:39  Marine  
  186  11:40  Command Center  
  186  11:43  Marauder  
  188  11:49  Marauder x2  
  194  11:56  Marauder  
  196  12:13  Supply Depot  
  196  12:15  Missile Turret x2  
  196  12:16  Marine  
  196  12:17  Marine  
  196  12:20  Siege Tank  
  196  12:21  Marauder  
  196  12:22  Marine, Marauder  
  196  12:23  Marauder  
  186  12:39  Siege Tank  
  167  12:50  Marine  
  167  12:51  Marine x4  
  159  12:52  SCV x3  
  159  12:57  Marine, Command Center, Marauder  
  161  13:03  Terran Infantry Armor Level 3, Terran Infantry Weapons Level 3  
  161  13:04  SCV x3  
  161  13:05  Siege Tank  
  164  13:11  Marine, Marauder  
  163  13:16  SCV  
  163  13:17  Marine  
  163  13:18  Marauder  
  154  13:21  Liberator, Marauder  
  154  13:26  Marine x5, Marauder  
  155  13:40  SCV x3  
  156  13:43  Planetary Fortress  
  156  13:45  Marauder  
  158  13:52  SCV x3  
  158  13:53  Refinery  
  158  13:54  Siege Tank  
  164  14:00  Refinery  
  164  14:02  Refinery  
  164  14:04  SCV x3  
  164  14:07  Siege Tank  
  171  14:10  Marauder x2  
  171  14:11  Marauder  
  171  14:16  SCV x3  
  177  14:17  Refinery  
  167  14:27  Marauder  
  167  14:28  SCV x3  
  138  14:31  Marine, Marauder x2  
  138  14:33  Marauder  
  138  14:34  Marine  
  138  14:37  Marine  
  135  14:40  Marine, SCV x2  
  135  14:46  Marine  
  135  14:48  Marauder  
  135  14:49  Marine  
  135  14:52  Marine, Marauder  
  142  14:53  Marauder  
  142  14:54  Marauder  
  142  14:55  Marine  
  143  15:05  Marine, Liberator x2  
  133  15:10  Marauder  
  133  15:14  Marauder x2  
  128  15:15  Marauder  
  128  15:18  SCV x4  
  127  15:21  Marine  
  134  15:30  Marine, SCV x3  
  134  15:31  Marauder  
  134  15:33  Marine  
  134  15:34  SCV  
  134  15:35  Marine, Marauder x2  
  147  15:37  Marauder  
  147  15:41  Marine  
  141  15:46  Marine  
  141  15:48  Liberator  
  134  15:51  Marine  
  134  15:53  Marauder  
  134  15:57  Marauder x2  
  139  15:58  Marauder  
  139  16:04  Marine  
  117  16:12  Marine  
  117  16:14  Marauder  
  117  16:18  Marine, Marauder x2  
  125  16:19  Marauder  
  125  16:25  Marine  
  124  16:32  Marine  
  124  16:35  Marauder  
  124  16:39  Marauder  
  129  16:41  Orbital Command  
  122  16:53  Marine  
  120  17:00  Marine  
  97  17:11  Marine  
  97  17:17  Marine  
  97  17:21  Marine  
  99  17:25  Marine  
  99  17:28  Marine  
  99  17:29  Marine  
  92  17:30  Marine  
  92  17:32  Marine  
  92  17:42  Marine x2  
  92  17:43  Marine x3  
  83  17:48  Marine x2  
  83  17:49  Marine  
  77  17:59  Marine x4  
  77  18:00  Marine  
  77  18:01  Marine x2  
  77  18:02  Marine  
  84  18:06  Marine x2  
  84  18:10  Marine  
  84  18:15  Siege Tank  
  84  18:19  Marine  
  79  18:23  Marine  
  81  18:28  Marine  
  81  18:31  Marine  
  81  18:40  Marauder x2  
  85  18:42  Marine  
  85  18:45  Marine  
  85  18:46  Marine  
  88  18:51  Marauder  
  87  18:56  Marauder  
  91  19:03  Marauder x2  
  91  19:05  Marine x2  
  87  19:12  Marine  
  86  19:19  Marine  
  58  19:25  Marine  
  58  19:31  Orbital Command  
Show
View Real Time Build Order
Export as new Build Order

SortOf Zerg - Winner!

Build Orders: Hatch First 

Get SALT Encoding   

  12  0:00  Drone  
  13  0:12  Overlord  
  13  0:18  Drone  
  14  0:30  Drone x2  
  16  0:48  Hatchery  
  15  0:51  Drone  
  15  0:55  Drone  
  17  0:59  Drone  
  18  1:10  Extractor  
  17  1:13  Spawning Pool  
  17  1:17  Drone  
  17  1:20  Drone  
  18  1:27  Drone  
  19  1:38  Drone  
  20  1:49  Overlord  
  20  2:00  Queen  
  20  2:01  Queen, Zergling x2  
  24  2:02  Zergling x2  
  26  2:12  Metabolic Boost, Drone x2  
  28  2:21  Drone  
  28  2:22  Drone  
  29  2:32  Drone  
  29  2:33  Overlord  
  29  2:36  Queen  
  32  2:45  Drone x2  
  34  2:55  Drone  
  34  2:57  Hatchery  
  34  2:58  Drone  
  35  3:02  Queen  
  37  3:06  Drone  
  37  3:09  Drone  
  37  3:11  Drone  
  40  3:15  Overlord  
  40  3:17  Pneumatized Carapace  
  40  3:19  Drone  
  41  3:22  Drone  
  41  3:26  Drone  
  43  3:29  Overlord  
  43  3:36  Zergling x2  
  43  3:39  Queen  
  46  3:42  Drone  
  46  3:44  Zergling x6  
  50  3:49  Drone  
  50  3:51  Drone  
  50  3:52  Drone  
  53  3:59  Drone  
  54  4:05  Drone  
  54  4:06  Lair  
  54  4:09  Queen  
  57  4:10  Drone x2  
  57  4:11  Overlord  
  57  4:13  Drone  
  57  4:14  Drone  
  57  4:15  Drone  
  62  4:17  Queen  
  62  4:19  Extractor  
  62  4:24  Overlord  
  63  4:25  Baneling Nest  
  63  4:30  Overlord  
  62  4:32  Drone x3  
  65  4:40  Overlord  
  65  4:42  Overlord, Zergling x2  
  66  4:46  Zergling x6  
  66  4:47  Extractor  
  66  4:50  Drone x3  
  71  4:55  Overlord  
  71  4:59  Drone x3  
  74  5:00  Overlord  
  74  5:04  Overlord  
  74  5:05  Drone x3  
  77  5:14  Centrifical Hooks  
  77  5:16  Drone  
  77  5:18  Spore Crawler, Drone x2  
  79  5:22  Overlord  
  79  5:28  Drone x6  
  84  5:30  Drone x3  
  86  5:39  Overlord  
  86  5:40  Overlord, Drone x2  
  86  5:41  Overseer  
  87  5:54  Drone x6  
  89  5:58  Evolution Chamber  
  89  5:59  Extractor x2  
  89  6:01  Zergling x2, Evolution Chamber  
  89  6:03  Overlord  
  83  6:05  Zergling x2  
  83  6:08  Zergling x6  
  87  6:13  Zergling x2, Queen x2  
  87  6:14  Queen  
  94  6:19  Zergling x10  
  94  6:21  Baneling x4  
  94  6:25  Zergling x4  
  101  6:27  Zerg Ground Armor Level 1, Zerg Melee Weapons Level 1  
  101  6:29  Extractor  
  101  6:31  Infestation Pit  
  101  6:32  Drone  
  100  6:34  Zergling x6  
  100  6:39  Overlord  
  103  6:40  Overlord  
  103  6:44  Zergling x4  
  103  6:45  Zergling x8  
  109  6:52  Hatchery  
  108  6:56  Overlord  
  108  6:59  Baneling x2  
  108  7:04  Zergling x14  
  108  7:06  Baneling x6  
  115  7:13  Overlord  
  115  7:18  Zergling x14  
  119  7:24  Hive  
  119  7:27  Drone x2  
  121  7:30  Overlord  
  121  7:34  Baneling x6  
  121  7:41  Zergling x12  
  121  7:42  Zergling x4  
  114  7:53  Zergling x10  
  117  8:00  Drone x4  
  117  8:02  Drone x2  
  117  8:04  Drone x3  
  126  8:11  Spore Crawler  
  126  8:12  Zergling x4  
  126  8:13  Zergling x2  
  127  8:21  Zergling x6  
  127  8:24  Overlord  
  130  8:28  Baneling x4  
  130  8:29  Baneling x4  
  122  8:36  Zergling x20  
  122  8:38  Zergling x4  
  116  8:41  Baneling x11  
  116  8:42  Baneling x2  
  116  8:45  Zergling x8  
  117  8:49  Ultralisk Cavern, Hatchery  
  117  8:55  Zergling x8  
  115  9:01  Zerg Melee Weapons Level 2, Zerg Ground Armor Level 2  
  115  9:02  Adrenal Glands  
  109  9:04  Zergling x12  
  109  9:09  Baneling x2  
  115  9:12  Zergling x14  
  115  9:14  Baneling x4  
  123  9:24  Zergling x16  
  120  9:37  Drone x2  
  120  9:38  Drone x3  
  124  9:39  Queen  
  124  9:43  Chitinous Plating  
  110  9:54  Ultralisk x3  
  127  10:00  Zergling x12  
  127  10:01  Spore Crawler  
  127  10:04  Zergling x4  
  128  10:15  Ultralisk  
  128  10:17  Ultralisk  
  128  10:18  Zergling x10  
  138  10:25  Drone x5  
  136  10:33  Zergling x2  
  136  10:34  Zergling x4  
  139  10:41  Nydus Network  
  138  10:44  Overlord, Overseer, Ultralisk  
  138  10:47  Overseer  
  138  10:48  Overlord  
  144  10:57  Drone  
  144  11:00  Drone x2  
  144  11:02  Drone x8  
  144  11:03  Overlord, Drone x3  
  157  11:05  Baneling x6  
  157  11:06  Zergling x6, Baneling x2  
  157  11:07  Zergling x2  
  157  11:09  Zergling x6  
  164  11:14  Zergling x8  
  159  11:20  Zergling x4  
  159  11:21  Zergling x2  
  157  11:27  Zergling x8  
  157  11:29  Overlord  
  157  11:32  Zerg Ground Armor Level 3  
  161  11:35  Drone x2  
  161  11:36  Spore Crawler  
  161  11:38  Zergling x16  
  161  11:39  Zergling x4  
  172  11:53  Spore Crawler  
  169  11:54  Drone x3  
  169  11:55  Spire, Drone x2  
  169  12:00  Baneling x10  
  173  12:02  Nydus Canal, Extractor  
  173  12:05  Zergling x10  
  173  12:06  Extractor  
  175  12:10  Nydus Canal  
  175  12:11  Zergling x12  
  175  12:13  Hatchery  
  178  12:17  Zergling x4  
  178  12:19  Zergling x2  
  160  12:24  Zergling x16  
  164  12:32  Zergling x10  
  164  12:40  Zergling x4  
  164  12:42  Zergling x4  
  142  12:44  Ultralisk  
  145  12:52  Ultralisk x2  
  154  12:58  Nydus Canal  
  154  13:01  Zergling x16  
  155  13:14  Zergling x4, Ultralisk x2  
  155  13:15  Zergling x4  
  155  13:17  Zergling x2  
  159  13:22  Zergling x4  
  159  13:23  Zergling x2  
  155  13:28  Overlord  
  155  13:29  Nydus Network, Zergling x4  
  155  13:32  Queen  
  155  13:34  Zergling x2  
  155  13:36  Zergling x10  
  155  13:40  Ultralisk x2  
  155  13:41  Zergling x14  
  179  13:44  Baneling x4  
  179  13:53  Zergling x12  
  179  13:54  Spore Crawler  
  184  14:02  Spore Crawler, Overseer x2  
  184  14:06  Overlord  
  183  14:16  Zergling x4, Ultralisk x2  
  183  14:17  Zergling x6  
  192  14:26  Zergling x16, Ultralisk  
  192  14:27  Zergling x10  
  198  14:38  Zergling x12  
  199  14:39  Nydus Canal  
  199  14:41  Zergling x4  
  190  14:53  Baneling x6  
  190  14:54  Zergling x10  
  192  15:00  Ultralisk  
  192  15:01  Zergling x4  
  176  15:11  Zergling x2, Nydus Canal  
  176  15:14  Zergling x8  
  162  15:16  Ultralisk x2  
  162  15:17  Zergling x12, Ultralisk  
  162  15:18  Zergling x2  
  162  15:20  Nydus Canal  
  172  15:24  Zergling x12  
  172  15:25  Zergling x2  
  173  15:32  Zergling x12  
  173  15:34  Baneling x3  
  173  15:35  Baneling x5  
  178  15:38  Nydus Canal  
  178  15:40  Zergling x8  
  179  15:47  Ultralisk  
  179  15:48  Zergling x8  
  171  16:00  Zergling x10, Ultralisk  
  171  16:02  Zergling x4  
  166  16:09  Zergling x4  
  160  16:14  Drone x2  
  161  16:18  Spire  
  161  16:19  Zergling x4  
  161  16:24  Spawning Pool  
  161  16:25  Zerg Melee Weapons Level 3  
  161  16:26  Zerg Missile Weapons Level 1  
  161  16:27  Ultralisk  
  167  16:33  Nydus Canal  
  162  16:41  Baneling x6  
  150  16:48  Baneling x2  
  150  16:49  Baneling x5  
  123  17:03  Ultralisk  
  123  17:04  Ultralisk  
  122  17:18  Zergling x34  
  133  17:31  Zergling x10  
  126  17:42  Corruptor  
  105  17:47  Zergling x6  
  98  17:53  Corruptor x2  
  86  18:12  Zergling x14  
  88  18:16  Zergling x4  
  83  18:37  Ultralisk  
  83  18:38  Zergling x2  
  90  18:41  Baneling x3  
  90  18:51  Zergling x14  
  95  19:00  Baneling x5  
  95  19:04  Zergling x8  
  95  19:08  Baneling x5  
  99  19:14  Zergling x8  
  89  19:25  Zergling x10  
  88  19:32  Zergling x2  
  80  19:47  Hatchery  
Tags
 
Add a new tag
Caveats
  • Supply blocks, unpowered buildings, or Contaminate may cause inaccurate times.
  • Supply counts are checked every 10 seconds.